Map: Dusk Towers

Players

Botvinnik - Winner!

  • Race: Terran Terran
  • League: Master

Pterod

  • Race: Zerg Zerg

Event: Gauntlet LotV Series 1 Qualifier 2

VOD

Have the link to the VOD?

Description

Time

  • Played on: Dec. 5, 2015, 1:18 p.m.
  • Length: 7:11

All games in this series

Show
View Real Time Build Order
Export as new Build Order

Botvinnik Terran - Winner!

Build Orders: Reaper Expand, Hellion Banshee 

Get SALT Encoding   

  12  0:00  SCV  
  13  0:12  SCV  
  14  0:19  Supply Depot  
  14  0:25  SCV  
  15  0:41  SCV  
  15  0:42  Barracks  
  16  0:47  Refinery  
  16  0:55  SCV  
  17  1:07  SCV  
  18  1:20  SCV  
  19  1:31  Reaper  
  19  1:32  Orbital Command  
  20  1:42  Command Center  
  20  1:54  Supply Depot  
  20  1:58  SCV  
  21  2:03  Marine  
  22  2:12  SCV  
  23  2:18  Factory  
  23  2:24  SCV  
  23  2:26  Barracks Reactor  
  23  2:28  Refinery  
  24  2:36  SCV  
  25  2:48  SCV  
  26  2:55  Orbital Command  
  26  3:00  SCV  
  26  3:03  Starport  
  27  3:11  Hellion x2  
  30  3:13  Bunker  
  30  3:15  Barracks Tech Lab  
  30  3:20  Supply Depot  
  30  3:22  Supply Depot  
  30  3:26  Supply Depot  
  30  3:32  Hellion  
  30  3:33  Hellion  
  34  3:40  SCV  
  34  3:41  SCV  
  36  3:53  Cloaking Field  
  36  3:54  Banshee  
  39  4:01  SCV x2  
  41  4:09  Hellion  
  45  4:10  Hellion  
  45  4:14  SCV x2  
  47  4:21  Armory  
  47  4:26  SCV x2  
  49  4:32  Hellion  
  49  4:34  Hellion  
  53  4:38  SCV x2  
  53  4:39  Banshee  
  58  4:50  SCV  
  58  4:51  SCV  
  64  5:03  SCV x2  
  66  5:12  Barracks Tech Lab  
  66  5:15  SCV x2  
  66  5:16  Command Center  
  64  5:24  Banshee, Barracks  
  64  5:25  Barracks  
  64  5:27  Bunker  
  67  5:29  Factory Reactor  
  67  5:31  Marauder  
  67  5:34  SCV  
  70  5:41  SCV, Refinery  
  70  5:42  Refinery  
  69  5:47  Engineering Bay  
  69  5:49  Engineering Bay  
  63  5:52  SCV  
  63  5:53  SCV  
  63  5:54  Marauder  
  59  6:07  SCV x2  
  61  6:11  Supply Depot  
  61  6:21  Starport Reactor  
  61  6:22  Marine  
  61  6:23  Marine x4  
  66  6:26  SCV x2  
  66  6:29  Barracks  
  66  6:30  Barracks  
  68  6:33  Orbital Command  
  68  6:43  SCV x2  
  68  6:44  Marauder, Marine x4  
  79  6:58  SCV x2  
  79  7:00  Supply Depot  
  79  7:01  Supply Depot  
Show
View Real Time Build Order
Export as new Build Order

Pterod Zerg 

Build Orders: Pool First 

Get SALT Encoding   

  12  0:03  Extractor  
  11  0:11  Drone  
  11  0:12  Drone  
  13  0:22  Overlord  
  13  0:27  Drone  
  14  0:40  Drone  
  15  0:57  Spawning Pool  
  15  0:58  Drone  
  15  1:07  Drone  
  15  1:09  Drone  
  17  1:16  Drone  
  18  1:26  Overlord  
  18  1:38  Drone  
  19  1:47  Metabolic Boost  
  19  1:49  Queen  
  21  1:55  Overlord  
  21  2:05  Zergling x2  
  22  2:11  Zergling x2  
  23  2:20  Zergling x2  
  23  2:31  Zergling x2  
  24  2:41  Zergling x2  
  25  2:45  Hatchery  
  23  2:54  Zergling x2  
  24  2:59  Zergling x6  
  27  3:06  Zergling x2  
  28  3:17  Zergling x2  
  29  3:29  Zergling x2  
  30  3:35  Baneling Nest  
  26  3:43  Roach Warren, Drone  
  26  3:44  Drone x3  
  29  3:54  Overlord  
  29  3:57  Queen  
  31  4:12  Zergling x4  
  31  4:13  Zergling x2  
  31  4:14  Overlord  
  34  4:19  Drone  
  34  4:23  Roach  
  37  4:31  Baneling x3  
  37  4:32  Baneling x2  
  37  4:33  Baneling  
  37  4:38  Roach  
  39  4:43  Zergling x2  
  36  4:56  Roach x2  
  36  4:57  Roach  
  42  5:04  Roach  
  42  5:05  Roach  
  41  5:13  Spore Crawler  
  40  5:16  Spore Crawler  
  40  5:19  Drone x2  
  40  5:28  Spore Crawler  
  37  5:30  Drone  
  37  5:33  Drone  
  36  5:56  Spore Crawler  
  34  6:03  Drone x5  
  34  6:04  Drone x2  
  38  6:14  Drone x2  
  40  6:20  Spore Crawler  
  39  6:27  Spore Crawler  
  35  6:56  Drone  
  35  6:57  Drone x4  
Tags
 
Add a new tag
Caveats
  • Supply blocks, unpowered buildings, or Contaminate may cause inaccurate times.
  • Supply counts are checked every 10 seconds.